 Dungeon Crawl Stone Soup version 0.19-a0-1201-gda63bca (webtiles) character file.

9923 inmateoo the Basher (level 11, -8/53 HPs)
             Began as an Octopode Fighter on Aug 20, 2016.
             Was an Elder of Ru.
             Mangled by a hill giant
             ... wielding a +0 giant club
              (45 damage)
             ... on level 11 of the Dungeon.
             The game lasted 00:16:21 (12221 turns).

inmateoo the Basher (Octopode Fighter)             Turns: 12221, Time: 00:16:23

Health: -8/53      AC:  4    Str: 21    XL:     11   Next: 54%
Magic:  20/20      EV: 17    Int: 10    God:    Ru [****..]
Gold:   113        SH: 11    Dex: 15    Spells: 0 memorised, 22 levels left

rFire  . . .     SeeInvis +     i - +2 whip (elec)
rCold  . . .     Gourm    .     b - +0 shield
rNeg   . . .     Faith    .     e - +1 hat
rPois  .         Spirit   .     (no amulet)
rElec  .         Dismiss  .     u - +5 ring of strength
rCorr  .         Reflect  .     C - ring of see invisible
MR     .....     Harm     .     D - ring of wizardry
Stlth  .......... Clarity  +    (no ring)
                                (no ring)
                                (no ring)
                                (no ring)
                                (no ring)

@: no potions
A: almost no armour, amphibious, 8 rings, constrict 8, tentacle spike 1, thin
metallic scales 1, camouflage 1, clarity, frail 3, gelatinous body 1, inability
to drink while threatened, no stealth, hated by all, disrupted magic 1
a: Draw Out Power, Power Leap, Renounce Religion


You were on level 11 of the Dungeon.
You worshipped Ru.
Ru was greatly pleased with you.
You were not hungry.

You visited 1 branch of the dungeon, and saw 11 of its levels.

You collected 697 gold pieces.
You spent 584 gold pieces at shops.

Inventory:

Hand Weapons
 i - a +2 whip of electrocution (weapon)
 z - a +1 morningstar of draining
 G - a +3 scimitar of flaming
Armour
 b - a +0 shield (worn)
 e - a +1 hat (worn)
Jewellery
 u - a +5 ring of strength (left tentacle)
 C - a ring of see invisible (right tentacle)
 D - a ring of wizardry (on tentacle)
Wands
 y - a wand of confusion (6/48)
Scrolls
 f - a scroll of teleportation
 k - 3 scrolls of recharging
 o - 8 scrolls of remove curse
 p - 2 scrolls of fear
 r - 2 scrolls of immolation
 t - 2 scrolls of enchant armour
 I - 2 scrolls of identify
 J - a scroll of blinking
 K - a scroll of fog
Potions
 c - a potion of haste
 j - 3 potions of cancellation
 l - 4 potions of cure mutation
 q - a potion of magic
 v - a potion of invisibility
 A - 4 potions of curing
 B - 2 potions of brilliance
 E - 2 potions of agility
 F - 3 potions of might
Comestibles
 a - 3 fruits
 d - 4 bread rations
 n - 3 meat rations
 w - a royal jelly
 x - 3 beef jerkies


   Skills:
 + Level 8.0 Fighting
 - Level 2.4 Long Blades
 * Level 10.2 Maces & Flails
 + Level 7.8 Dodging
 + Level 8.3 Shields
 + Level 6.1 Spellcasting


You had 22 spell levels left.
You didn't know any spells.

Dungeon Overview and Level Annotations

Branches:
Dungeon (11/15)            Temple (0/1) D:4            Lair (0/6) D:9
    Orc (0/2) D:10

Altars:
Elyvilon
Hepliaklqana
Okawaru
Ru
Sif Muna
Vehumet
Yredelemnul
Zin

Shops:
D:6 }   D:7 *   D:8 ?[![[   D:10 ?

Annotations:
D:5 inmateoo's ghost, novice DgGl
D:11 inmateoo's ghost, journeyman KoGl


Innate Abilities, Weirdness & Mutations

You cannot wear most types of armour.
You are amphibious.
You can wear up to eight rings at the same time.
You can use your tentacles to constrict eight enemies at once.
Your skin changes colour to match your surroundings (Stealth+).
You are extremely frail. (-30% HP)
Your rubbery body absorbs attacks. (AC +1, EV +1)
You cannot drink potions while threatened.
You cannot be stealthy.
You are hated by all.
Your casting is slightly disrupted.
One of your tentacles bears a spike.
You are partially covered in thin metallic scales. (AC +2)
You possess an exceptional clarity of mind.


Message History

No target in view!
No target in view!
No target in view!
f - a scroll of teleportation A hill giant comes into view.
It is wielding a giant club.
The hill giant shouts!
A hill giant is nearby!
A hill giant is nearby!
The hill giant hits you with a giant club!
You hear a shout!
You hit the hill giant but do no damage.
You squeeze the hill giant.
The hill giant is lightly wounded.
You hit the hill giant.
There is a sudden explosion of sparks!
Your tentacle spike misses the hill giant.
The hill giant is moderately wounded.
The hill giant hits you with a giant club!!!
You feel threatened and lose the ability to drink potions!
Ouch! That really hurt!
You die...

........... .#.
......## #
.....###.#.# ..# #...
# .#.# ..##
.#.#####...# #
#......##.# .........
....... #.#C.# #
#.#@.##.#.# #. #
#.#........
#.#.#.##.#..###..#
#.#...........# #
.##.#.#.#.#.##.#..#
............##.#..####
#..........##.#......
#.#.#............... .
#............##......


You could see a hill giant.

Vanquished Creatures
  Erica (D:10)
  2 komodo dragons
  2 trolls
  4 snapping turtles (D:9)
  4 yaks (D:9)
  A wraith (D:10)
  2 wyverns
  3 hippogriffs
  A hungry ghost (D:8)
  2 black bears (D:8)
  2 ice beasts
  2 necrophages
  2 sky beasts (D:9)
  13 orc warriors
  8 ogres
  2 phantoms
  A centaur (D:10)
  Blork the orc (D:5)
  2 big kobolds (D:10)
  A wyvern zombie (D:7)
  5 giant frogs
  2 gnoll sergeants (D:10)
  3 scorpions
  A wyvern skeleton (D:9)
  14 wights
  6 killer bees (D:10)
  A howler monkey (D:8)
  5 electric eels (D:9)
  A centaur zombie (D:10)
  3 crimson imps
  2 giant frog zombies
  6 hounds
  2 jellies
  3 orc priests
  10 orc wizards
  Crazy Yiuf (D:6)
  3 centaur skeletons
  A giant frog skeleton (D:9)
  A gnoll shaman (D:6)
  4 iguanas
  6 worker ants
  3 hound skeletons
  10 adders
  8 gnolls
  An ooze (D:4)
  An adder skeleton (D:4)
  5 worms
  3 dart slugs
  5 giant geckos
  51 orcs
  13 bats
  5 giant cockroaches
  7 goblins
  5 hobgoblins
  11 jackals
  A quokka (D:7)
  5 giant newts
  4 kobolds
  10 rats
284 creatures vanquished.

Vanquished Creatures (others)
  An orc wizard (D:4)
  An orc (D:10)
  4 plants (D:9)
6 creatures vanquished.

Grand Total: 290 creatures vanquished

Notes
Turn   | Place    | Note
-------+----------+-------------------------------------------
     0 | D:1      | inmateoo the Octopode Fighter began the quest for the Orb.
     0 | D:1      | Reached XP level 1. HP: 16/16 MP: 1/1
   559 | D:1      | Reached XP level 2. HP: 21/21 MP: 2/2
   998 | D:2      | Reached XP level 3. HP: 26/26 MP: 3/3
  1057 | D:2      | Reached skill level 1 in Maces & Flails
  1059 | D:2      | Found a radiant altar of Vehumet.
  1193 | D:2      | Reached XP level 4. HP: 19/31 MP: 4/4
  1845 | D:3      | Reached XP level 5. HP: 18/36 MP: 4/6
  2257 | D:3      | Found a faded altar of an unknown god.
  2264 | D:3      | Reached skill level 2 in Maces & Flails
  2329 | D:3      | Became a worshipper of Ru the Awakened
  2334 | D:3      | Gained mutation: You are hated by all. [Ru sacrifice]
  2334 | D:3      | Reached * piety under Ru
  2477 | D:4      | Reached skill level 1 in Spellcasting
  2930 | D:3      | Reached XP level 6. HP: 22/43 MP: 7/7
  3098 | D:3      | Reached skill level 3 in Maces & Flails
  3465 | D:4      | Reached XP level 7. HP: 37/48 MP: 8/10
  3594 | D:4      | Reached skill level 4 in Maces & Flails
  3666 | D:4      | Found a staircase to the Ecumenical Temple.
  3689 | D:4      | Reached skill level 5 in Shields
  3738 | D:5      | Entered Level 5 of the Dungeon
  3765 | D:5      | Noticed inmateoo's ghost (novice DgGl)
  3870 | D:4      | Reached XP level 8. HP: 23/54 MP: 11/11
  4068 | D:5      | Found a sacrificial altar of Ru.
  4117 | D:5      | Found a deep blue altar of Sif Muna.
  4119 | D:5      | Noticed Blork the orc
  4132 | D:5      | Killed Blork the orc
  4540 | D:6      | Found Oliqaf's Gadget Shoppe.
  4597 | D:6      | Reached skill level 5 in Maces & Flails
  4614 | D:6      | Gained mutation: Your casting is slightly disrupted. [Ru sacrifice]
  4929 | D:6      | Reached skill level 5 in Fighting
  4929 | D:6      | Reached skill level 5 in Dodging
  5145 | D:6      | Found a runed door.
  5553 | D:6      | Noticed Crazy Yiuf
  5559 | D:6      | Killed Crazy Yiuf
  5608 | D:7      | Reached XP level 9. HP: 61/61 MP: 14/14
  5628 | D:7      | Reached skill level 6 in Maces & Flails
  6219 | D:7      | Found Zin's Purification Station.
  6221 | D:7      | Found a glowing silver altar of Zin.
  6225 | D:7      | Found a basalt altar of Yredelemnul.
  6226 | D:7      | Found a hazy altar of Hepliaklqana.
  6701 | D:8      | Found Ehygeuf's Antique Armour Shoppe.
  6714 | D:8      | Found Epreethoshro's Armour Emporium.
  6716 | D:8      | Found Gacy's Distillery.
  6749 | D:8      | Found an iron altar of Okawaru.
  6758 | D:8      | Bought a potion of might for 48 gold pieces
  6758 | D:8      | Bought a potion of mutation for 30 gold pieces
  6758 | D:8      | Bought 2 potions of might for 96 gold pieces
  6758 | D:8      | Bought 2 potions of curing for 72 gold pieces
  6758 | D:8      | Bought a potion of heal wounds for 60 gold pieces
  6758 | D:8      | Bought a potion of agility for 48 gold pieces
  6759 | D:8      | Gained mutation: You are frail. (-10% HP) [potion of mutation]
  6759 | D:8      | Gained mutation: You possess an exceptional clarity of mind. [potion of mutation]
  6790 | D:8      | Found Jeanorhu's Antique Armour Shop.
  6799 | D:8      | Reached skill level 7 in Maces & Flails
  6830 | D:8      | Gained mutation: You cannot drink potions while threatened. [Ru sacrifice]
  6830 | D:8      | Reached ** piety under Ru
  7032 | D:8      | Found Duxzy's Magic Scroll Emporium.
  7039 | D:8      | Bought a scroll of identify for 22 gold pieces
  7152 | D:8      | Found a white marble altar of Elyvilon.
  7335 | D:8      | Reached XP level 10. HP: 45/62 MP: 16/16
  7588 | D:9      | Reached skill level 8 in Maces & Flails
  8379 | D:9      | Gained mutation: You cannot be stealthy. [Ru sacrifice]
  8379 | D:9      | Reached *** piety under Ru
  8614 | D:9      | Found a staircase to the Lair.
  8783 | D:9      | Reached skill level 9 in Maces & Flails
  8783 | D:9      | Reached skill level 5 in Spellcasting
  8802 | D:9      | Gained mutation: You are very frail. (-20% HP) [mutagenic meat]
  8928 | D:9      | Gained mutation: One of your tentacles bears a spike. [mutagenic meat]
  8934 | D:9      | Gained mutation: You are partially covered in thin metallic scales. (AC +2) [mutagenic meat]
  9996 | D:10     | Entered Level 10 of the Dungeon
  9996 | D:10     | Noticed Erica
 10007 | D:10     | Killed Erica
 10007 | D:10     | Reached XP level 11. HP: 39/60 MP: 19/19
 10297 | D:10     | Found Ygiucim's Magic Scroll Emporium.
 10318 | D:10     | Bought a scroll of identify for 22 gold pieces
 10318 | D:10     | Bought a scroll of blinking for 82 gold pieces
 10318 | D:10     | Bought a scroll of enchant armour for 82 gold pieces
 10318 | D:10     | Bought a scroll of fog for 22 gold pieces
 11154 | D:10     | Found a staircase to the Orcish Mines.
 11184 | D:10     | Reached skill level 10 in Maces & Flails
 11635 | D:11     | Noticed inmateoo's ghost (journeyman KoGl)
 11672 | D:11     | Gained mutation: You are extremely frail. (-30% HP) [Ru sacrifice]
 11672 | D:11     | Reached **** piety under Ru
 12216 | D:11     | Noticed a hill giant
 12221 | D:11     | Mangled by a hill giant

Vault maps used:
D:1:      grunt_arrival_lava_bath
D:2:      nicolae_overflow_crystal_walls, minmay_tiny_reverse_x
D:3:      ecumenical_altar_1
D:4:      first_bread
D:5:      lemuel_doored_altar, lemuel_crystal_altar, nicolae_ru_awakened_eye,
          uniq_blork_the_orc, uniq_grinder
D:6:      serial_co_window_serial, co_window_paths_b, co_window_paths_b,
          co_window_paths_a, co_window_of_opportunity_a,
          co_window_of_opportunity_a, co_window_paths_c, co_window_2corner,
          co_window_paths_c, co_window_4corner_b, co_window_paths_e,
          serial_shops, nicolae_shop_competitors_out_of_business,
          uniq_crazy_yiuf_cottage
D:7:      grunt_temple_overflow_open, zin_purify
D:8:      lemuel_coloured_pillars_altar, kennysheep_mini_moat, serial_shops,
          shop, nicolae_shop_window_shopping, shop, shop_statue,
          nicolae_shop_temple_entry_statues_fountains
D:9:      wad_bat_island, david_lair_shrubbed
D:10:     kennysheep_orc_monster_closet_entryway, serial_shops, shop_coins,
          uniq_erica
D:11:     grunt_livestock, st_stairs_1

Skill      XL: |  1  2  3  4  5  6  7  8  9 10 11 |
---------------+----------------------------------+-----
Maces & Flails | 1 2 3 4 5 7 9 10 | 10.2
Shields        | 4 5 6 7 8 |  8.3
Spellcasting   | 1 2 3 4 5 6 |  6.1
Dodging        | 4 5 6 7 |  7.8
Fighting       | 4 5 6 7 8 |  8.0
Long Blades    | |  2.4

Action                   |  1- 3 |  4- 6 |  7- 9 | 10-12 || total
-------------------------+-------+-------+-------+-------++-------
Melee: Long sword        |    24 |       |       |       ||    24
       Constrict         |    13 |    29 |    60 |    53 ||   155
       Whip              |    21 |   127 |   268 |   348 ||   764
       Tentacles         |     6 |    26 |    71 |   109 ||   212
       Kick              |       |       |       |    96 ||    96
Invok: Sacrifice Love    |       |     1 |       |       ||     1
       Sacrifice Essence |       |       |     1 |       ||     1
       Sacrifice Drink   |       |       |     1 |       ||     1
       Sacrifice Stealth |       |       |       |     1 ||     1
       Sacrifice Health  |       |       |       |     1 ||     1
Evoke: Wand              |       |       |     2 |    12 ||    14
  Use: Potion            |       |       |     2 |     1 ||     3
       Scroll            |       |       |     8 |    12 ||    20
 Stab: Sleeping          |     8 |     9 |     5 |     3 ||    25
       Invisible         |       |       |       |     5 ||     5
       Confused          |       |       |       |     1 ||     1
       Distracted        |       |       |       |     3 ||     3
  Eat: Chunk             |     1 |     7 |    12 |    19 ||    39
       Royal jelly       |       |       |       |     1 ||     1
Armor: Skin              |     2 |    10 |    10 |    11 ||    33
Dodge: Dodged            |     9 |    34 |    77 |   104 ||   224
Block: Shield            |    16 |    37 |    91 |   127 ||   271
